 Dungeon Crawl Stone Soup version 0.29.1-2-gbd0b4ee654 (webtiles) character file.

Game seed: 1006509511602138571

1 try the Grave Robber (level 1, 0/13 HPs)
             Began as a Mummy Necromancer on Nov 17, 2022.
             Killed from afar by a dart slug (3 damage)
             ... with a slug dart
             ... on level 1 of the Dungeon.
             The game lasted 00:01:07 (48 turns).

try the Grave Robber (Mummy Necromancer)              Turns: 48, Time: 00:01:08

Health: 0/13       AC:  2    Str: 11    XL:     1   Next: 16%
Magic:  4/4        EV: 12    Int: 14    God:
Gold:   0          SH:  0    Dex: 12    Spells: 4/5 levels left

rFire   x . .      SeeInvis .   (no weapon)
rCold   + . .      Faith    .   (no shield)
rNeg    + + +      Spirit   .   a - +0 robe
rPois   ∞          Reflect  .   (no helmet)
rElec   .          Harm     .   (no cloak)
rCorr   .          Rampage  .   (no gloves)
Will    .....                   (no boots)
Stlth   ++........              (no amulet)
HPRegen 0.04/turn               (no ring)
MPRegen 0.09/turn               (no ring)

@: no status effects
A: cold resistance 1, negative energy resistance 3, torment resistance 2, heat
vulnerability 1, no potions
a: no special abilities


You were on level 1 of the Dungeon.
You visited 1 branch of the dungeon, and saw 1 of its levels.

Inventory:

Armour
 a - a +0 robe (worn)


   Skills:
 + Level 1.5 Dodging
 + Level 1.5 Stealth
 + Level 2.6 Spellcasting
 + Level 4.0 Necromancy


You had 4 spell levels left.
You knew the following spells:

 Your Spells              Type           Power      Damage    Failure   Level
a - Necrotise             Necr           52%        1d6       4%          1

Your spell library contained the following spells:

 Spells                   Type           Power      Damage    Failure   Level
 Vampiric Draining        Necr           13%        2d6       12%         3
 Animate Dead             Necr           13%        N/A       38%         4
 Agony                    Necr           13%        N/A       75%         5


Dungeon Overview and Level Annotations

Branches:
Dungeon (1/15)

Altars:


Innate Abilities, Weirdness & Mutations

You are immune to poison.
Your flesh is cold resistant. (rC+)
You are immune to negative energy. (rN+++)
You are immune to unholy pain and torment.
You are vulnerable to heat. (rF-)
You do not drink.


Message History

The goblin is moderately wounded.
The goblin hits you but does no damage. The goblin barely misses you.
You see here 5 stones.
You open the door. The goblin closely misses you. The rat bites you.
There is an open door here.
Attack: -) Nothing wielded
Press: ? - help, Dir - move target, f/p - goblin
Aim: a goblin, wielding a +0 club (moderately wounded, about 53% to evade your hands)
You closely miss the goblin.
The goblin is moderately wounded.
The goblin misses you.
You hit the goblin but do no damage.
The goblin is moderately wounded.
The goblin barely misses you.
You closely miss the goblin.
The goblin is moderately wounded.
The goblin hits you with a +0 club.
You closely miss the goblin.
The goblin is moderately wounded.
The goblin hits you but does no damage.
You closely miss the goblin.
The goblin is moderately wounded.
The goblin barely misses you.
You closely miss the goblin.
The goblin is moderately wounded.
The goblin hits you with a +0 club.
* * * LOW HITPOINT WARNING * * *
You hit the goblin.
You kill the goblin!
You hit the rat but do no damage. The rat closely misses you.
You open the door. The rat barely misses you.
Found a spear.
There is an open door here.
The rat attacks as you move away! The rat barely misses you.
The rat attacks as you move away! The rat misses you.
The rat attacks as you move away! The rat bites you but does no damage.
The dart slug launches a dart at you. The slug dart hits you.
You die...

#.###...###
#..'..<.'.+
#.###.(.#+#
#.# ##.##.#
..# ##w##.##
######)##...##
#w##.....##
##'.......+
###r.@..##
##...## ##.##
###


You could see a dart slug and a rat.

Vanquished Creatures
  A goblin (D:1)
1 creature vanquished.

Notes
Turn   | Place    | Note
-------+----------+-------------------------------------------
     0 | D:1      | try the Mummy Necromancer began the quest for the Orb.
     0 | D:1      | Reached XP level 1. HP: 13/13 MP: 4/4
    48 | D:1      | Killed from afar by a dart slug

Illustrated notes

Levels and vault maps discovered:
D:1:      dpeg_arrival_rhombi, layout_basic,
          shapermc_ecumenical_altar_mp_highgroup, minmay_ruptured

Action                   || total
-------------------------++-------
Melee: Unarmed           ||     9
Armor: Robe              ||     3
Dodge: Dodged            ||     9
